 Dungeon Crawl Stone Soup version 0.14.0-12-g87ee3b7 (webtiles) character file.

1700 Kejsarherre the Martial Artist (level 8, -2/39 HPs)
             Began as a Vine Stalker Monk on Apr 17, 2014.
             Was a Priest of Makhleb.
             Slain by Joseph
             ... wielding a cursed +0,-1 sling
              (4 damage)
             ... on Level 7 of the Dungeon.
             The game lasted 00:15:52 (4211 turns).

Kejsarherre the Martial Artist (Vine Stalker Monk)  Turns: 4211, Time: 00:15:52

HP  -2/39        AC  3     Str 14      XL: 8   Next: 68%
MP   0/11        EV 13     Int 10      God: Makhleb [***...]
Gold 304         SH 12     Dex 19      Spells:  0 memorised,  7 levels left

rFire  + . .     SeeInvis .       - Unarmed
rCold  . . .     Clarity  +     a - -1 robe
rNeg   . . .     Conserve .     r - +0 buckler
rPois  .         rCorr    .     (no helmet)
rElec  .         rRot     +     (no cloak)
SustAb . .       Spirit   +     (no gloves)
rMut   .         Warding  .     (no boots)
Saprov . . .     Stasis   .     A - amulet of clarity
MR     +....                    (no ring)
                                q - ring of protection from fire

@: somewhat resistant to hostile enchantments, stealthy
A: fangs 3, yellow scales 1, regeneration 2, magic shield, antimagic bite, no
device heal
a: Minor Destruction, Lesser Servant of Makhleb, Renounce Religion


You were on level 7 of the Dungeon.
You worshipped Makhleb.
Makhleb was most pleased with you.
You were not hungry.

You visited 2 branches of the dungeon, and saw 8 of its levels.
You also visited: Sewer.

You collected 304 gold pieces.

Inventory:

Armour
 a - a -1 robe (worn)
 r - a +0 buckler (worn)
Magical devices
 s - a wand of confusion (11)
Comestibles
 b - 6 bread rations
 d - a slice of pizza
 p - a meat ration
 t - an apricot
 u - 3 pears
 v - 12 strawberries
 x - a lemon
 B - a choko
Scrolls
 e - 6 scrolls of teleportation
 f - 3 scrolls of remove curse
 g - a scroll of recharging
 h - a scroll of blinking
 i - 2 scrolls of magic mapping
 j - 4 scrolls of enchant weapon I {unknown}
 m - 3 scrolls of random uselessness {unknown}
 w - 3 scrolls of enchant armour {unknown}
 y - a scroll of fear {unknown}
Jewellery
 q - a ring of protection from fire (left hand)
 A - an amulet of clarity (around neck)
Potions
 c - a potion of restore abilities
 k - 2 potions of might
 l - a potion of haste
 n - 2 potions of invisibility
 o - 4 potions of curing
 z - a potion of magic


   Skills:
 - Level 2.6 Fighting
 - Level 2.4 Dodging
 - Level 2.4 Stealth
 * Level 4.9 Shields
 + Level 9.6 Unarmed Combat


You had 7 spell levels left.
You didn't know any spells.

Dungeon Overview and Level Annotations

Branches:
Dungeon (7/15)             Temple (1/1) D:5

Altars:
Ashenzari
Dithmenos
Elyvilon
Fedhas
Kikubaaqudgha
Makhleb
Nemelex Xobeh
Okawaru
Sif Muna
Trog
Vehumet
Xom
Yredelemnul
Zin
The Shining One

Annotations:
D:7 Joseph


Innate Abilities, Weirdness & Mutations

You are immune to rotting.
You have razor-sharp teeth.
You heal very quickly.
When hurt, damage is shared between your health and your magic reserves.
Your bite disrupts and absorbs the magic of your enemies.
Potions and wands cannot restore your HP.
You are partially covered in yellow scales (AC +2).


Message History

Joseph is heavily wounded.
You block Joseph's attack.
You hit Joseph. You bite Joseph. You drain his power.
You feel invigorated.
Joseph is severely wounded.
Joseph hits you with a sling!
You closely miss Joseph. You bite Joseph! You drain his power.
You feel invigorated.
Joseph is almost dead.
Joseph hits you with a sling!
* * * LOW HITPOINT WARNING * * *
You are too injured to fight recklessly!
You are too injured to fight recklessly!
You hit Joseph but do no damage.
Joseph is almost dead.
Joseph hits you with a sling.
* * * LOW HITPOINT WARNING * * *
You punch Joseph! Your bite misses Joseph.
Joseph is almost dead.
Joseph hits you with a sling.
You die...

) ... .. . #.#.###.####
. .##.#.....#...#####.
.................... .
#.##.....#.......# ...
#........#.##....#... .
#....).................
#...........#...##..$...
#.##.........(.@@.......
# #..<.....#######....#
#.###.#.###### . #.#
#.#......###
#.###.#.........
#.##...#.....###
#.##...####### #.##...#
#.###.##


You could see Joseph.

Vanquished Creatures
  An ice beast (D:6)
  A sky beast (D:5)
  3 ogres
  2 giant frogs (Sewer)
  2 scorpions (D:4)
  A hound (D:4)
  2 crimson imps
  An orc priest (D:4)
  5 jellies (Sewer)
  2 orc wizards (D:4)
  4 worker ants
  A sky beast zombie (D:5)
  9 adders
  A gnoll (D:4)
  2 shadow imps
  3 giant mites (Sewer)
  3 worms
  An iguana zombie (D:6)
  An orc skeleton (D:4)
  11 giant geckos
  3 oozes
  5 orcs (D:4)
  15 giant cockroaches
  11 goblins
  12 hobgoblins
  8 kobolds
  7 ball pythons (Sewer)
  7 bats
  A giant gecko skeleton (D:4)
  11 giant newts
  10 rats
146 creatures vanquished.

Vanquished Creatures (others)
  A fungus (D:6)
1 creature vanquished.

Grand Total: 147 creatures vanquished

Notes
Turn   | Place    | Note
--------------------------------------------------------------
     0 | D:1      | Kejsarherre, the Vine Stalker Monk, began the quest for the Orb.
     0 | D:1      | Reached XP level 1. HP: 11/11 MP: 1/1
   201 | D:1      | Reached XP level 2. HP: 13/16 MP: 3/3
   522 | D:1      | Reached XP level 3. HP: 19/19 MP: 4/4
   868 | D:1      | Reached skill level 5 in Unarmed Combat
  1042 | D:4      | Noticed a scorpion
  1130 | D:3      | Reached XP level 4. HP: 8/23 MP: 5/5
  1172 | D:3      | Found a radiant altar of Vehumet.
  1575 | D:4      | Noticed an ogre
  1589 | D:4      | Reached skill level 6 in Unarmed Combat
  1589 | D:4      | Reached XP level 5. HP: 18/27 MP: 7/7
  1656 | D:4      | Reached skill level 1 in Shields
  2015 | D:4      | Killed a scorpion
  2015 | D:4      | Gained mutation: You heal very quickly. [vine stalker growth]
  2015 | D:4      | Reached XP level 6. HP: 20/32 MP: 6/8
  2101 | D:4      | Noticed a scorpion
  2113 | D:4      | Killed a scorpion
  2113 | D:4      | Reached skill level 7 in Unarmed Combat
  2506 | D:4      | Killed an ogre
  2506 | D:4      | Reached XP level 7. HP: 35/35 MP: 9/9
  2542 | D:4      | Found a shattered altar of Ashenzari.
  2577 | D:4      | Noticed an ogre
  2599 | D:4      | Killed an ogre
  2599 | D:4      | Reached skill level 8 in Unarmed Combat
  2715 | D:5      | Entered Level 5 of the Dungeon
  2851 | D:5      | Found a bloodstained altar of Trog.
  2889 | D:5      | Found a staircase to the Ecumenical Temple.
  3300 | Temple   | Entered the Ecumenical Temple
  3326 | Temple   | Became a worshipper of Makhleb the Destroyer
  3326 | Temple   | Acquired Makhleb's first power
  3326 | Temple   | Acquired Makhleb's second power
  3410 | D:6      | Found a glowing drain.
  3450 | Sewer    | Entered a sewer
  3540 | Sewer    | Gained mutation: You have razor-sharp teeth. [vine stalker growth]
  3540 | Sewer    | Reached XP level 8. HP: 37/39 MP: 9/11
  3690 | Sewer    | Acquired Makhleb's third power
  3690 | Sewer    | Reached skill level 9 in Unarmed Combat
  3949 | D:6      | Gained mutation: You are partially covered in yellow scales (AC +2). [potion of beneficial mutation]
  4092 | D:6      | Noticed a brown ooze
  4194 | D:7      | Noticed Joseph
  4211 | D:7      | Slain by Joseph

Action                   |  1- 3 |  4- 6 |  7- 9 || total
-------------------------+-------+-------+-------++-------
Melee: Unarmed           |   105 |   173 |   235 ||   513
Invok: Minor Destruction |       |       |    18 ||    18
Evoke: Wand              |       |    10 |     6 ||    16
  Use: Potion            |       |     1 |     1 ||     2
       Scroll            |       |       |    14 ||    14
 Stab: Sleeping          |     5 |     3 |     4 ||    12
       Confused          |       |     2 |     2 ||     4
